 Dungeon Crawl Stone Soup version 0.27-a0-1595-g0b823d0a13 (webtiles) character file.

Game seed: 6563717325683586779

3735 lunkers the Covert (level 9, -3/71 HPs)
             Began as a Vampire Delver on July 20, 2021.
             Was a Priest of Okawaru.
             Killed from afar by a kobold brigand (13 damage)
             ... with a bolt of acid
             ... on level 7 of the Dungeon.
             The game lasted 00:20:23 (8832 turns).

lunkers the Covert (Vampire Delver)                 Turns: 8832, Time: 00:20:24

Health: -3/71      AC:  4    Str: 13    XL:     9   Next: 93%
Magic:  12/12      EV: 15    Int: 12    God:    Okawaru [***...]
Gold:   583        SH:  0    Dex: 17    Spells: 8/8 levels left

rFire    . . .     SeeInvis +   a - +2 dagger (elec)
rCold    . . .     Faith    .   (no shield)
rNeg     . . .     Spirit   .   b - +0 leather armour
rPois    .         Reflect  .   p - +0 helmet
rElec    .         Harm     .   z - +0 cloak
rCorr    .         Rampage  .   s - +1 pair of gloves
Will     .....                  x - +0 pair of boots
Stlth    ++++......             (no amulet)
HPRegen  0.41/turn              G - +4 ring of protection
MPRegen  0.13/turn              B - +4 ring of slaying

@: corroded, healing quickly
A: alive, fangs 3, see invisible, vampiric 2
a: Exsanguinate, Renounce Religion, Heroism


You were on level 7 of the Dungeon.
You worshipped Okawaru.
Okawaru was most pleased with you.
You visited 1 branch of the dungeon, and saw 7 of its levels.

You collected 583 gold pieces.

Inventory:

Hand Weapons
 a - a +2 dagger of electrocution (weapon)
 J - a +0 short sword
Missiles
 F - a curare-tipped dart
 I - a throwing net
Armour
 b - a +0 leather armour (worn)
 p - a +0 helmet (worn)
 s - a +1 pair of gloves (worn)
 x - a +0 pair of boots (worn)
 z - a +0 cloak (worn)
Jewellery
 m - a ring of resist corrosion
 t - a ring of ice
 y - an amulet of faith
 B - a +4 ring of slaying (right hand)
 E - a ring of wizardry
 G - a +4 ring of protection (left hand)
 H - a ring of see invisible
Wands
 g - a wand of digging (2)
 j - a wand of polymorph (7)
 D - a wand of flame (19)
Scrolls
 c - 3 scrolls of fog
 d - a scroll of magic mapping
 e - a scroll of fear
 h - 2 scrolls of teleportation
 i - 3 scrolls of amnesia {unknown}
 l - 3 scrolls of enchant weapon {unknown}
 q - a scroll of blinking {unknown}
 u - a scroll of vulnerability {unknown}
 w - 2 scrolls of noise {unknown}
 C - a scroll of enchant armour {unknown}
Potions
 f - 2 potions of haste
 k - a potion of berserk rage
 n - a potion of flight
 o - a potion of lignification
 r - 5 potions of curing
 v - 2 potions of heal wounds
 A - a potion of magic {unknown}


   Skills:
 + Level 6.5 Fighting
 - Level 10.0 Short Blades
 + Level 7.4 Dodging
 - Level 10.0 Stealth
 - Level 4.0 Invocations


You had 8 spell levels left.
You didn't know any spells.
Your spell library contained the following spells:

 Spells                   Type           Power      Damage    Failure   Level
 Sting                    Tmut/Pois      0%         1d3       38%         1
 Passwall                 Tmut/Erth      0%         N/A       54%         2
 Poisonous Vapours        Pois/Air       0%         N/A       54%         2
 Swiftness                Air            0%         N/A       77%         3
 Olgreb's Toxic Radiance  Pois           0%         N/A       99%         4
 Invisibility             Hex            0%         N/A       100%        6


Dungeon Overview and Level Annotations

Branches:
Dungeon (7/15)             Temple (0/1) D:6

Altars:
Hepliaklqana
Kikubaaqudgha
Nemelex Xobeh
Okawaru
Trog


Innate Abilities, Weirdness & Mutations

Your natural rate of healing is accelerated.
You have razor-sharp teeth.
You have supernaturally acute eyesight. (SInv)
You are afflicted with vampirism and can become a bat while bloodless.


Message History

The kobold brigand shouts!
The hobgoblin shouts!
The kobold brigand barely misses you.
You barely miss the kobold brigand.
The kobold brigand hits you with a +0 short sword.
The hobgoblin misses you.
You miss the kobold brigand. You closely miss the kobold brigand.
Your bite misses the kobold brigand.
The kobold brigand hits you with a +0 short sword.
The hobgoblin hits you but does no damage.
You hit the kobold brigand but do no damage.
You bite the kobold brigand, but do no damage.
You hit the kobold brigand.
The kobold brigand is lightly wounded.
The hobgoblin hits you.
The kobold brigand hits you but does no damage.
You puncture the kobold brigand!
The kobold brigand is moderately wounded.
You hit the kobold brigand but do no damage.
The kobold brigand is moderately wounded.
The hobgoblin hits you but does no damage.
The kobold brigand hits you with a +0 short sword.
You hit the kobold brigand.
The kobold brigand is heavily wounded.
You hit the kobold brigand.
The kobold brigand is heavily wounded.
The hobgoblin closely misses you.
The kobold brigand zaps a wand.
The bolt of acid hits you! The acid corrodes you!
You are splashed with acid!
* * * LOW HITPOINT WARNING * * *
You barely miss the kobold brigand.
The kobold brigand is heavily wounded.
Unknown command.
You completely miss the kobold brigand.
The kobold brigand is heavily wounded.
The hobgoblin closely misses you.
The kobold brigand zaps a wand.
The bolt of acid hits you!
* * * LOW HITPOINT WARNING * * *
The acid corrodes you!
You are splashed with acid!
* * * LOW HITPOINT WARNING * * *
The kobold brigand zaps a wand.
The bolt of acid hits you!
You die...

#...'.....#...........#...#
#...##....'...........#...#
#...##....#...........+...#
#)..#######...........#..#####
#...# #....###'####..##..#
#........ #....#.........'...#
#........ #....#Kg.......#...#
+....)....#....#.....##..#...#
######....#....#@....##..######
.....###'##....#......#..#....#
...............#......#..#....#
...............#.....#####....#
...............#.....#........#
...............#'#####........#
..............................#
..............................#
.....######...........####....#


You could see a kobold brigand and a hobgoblin.

Vanquished Creatures
  An ugly thing (D:7)
  Prince Ribbit (D:5)
  A wyvern (D:7)
  A yak (D:4)
  A golden eye (D:4)
  A hog (D:4)
  A water moccasin (D:4)
  An ice beast (D:6)
  2 black bears (D:6)
  A sky beast (D:6)
  4 ogres
  A centaur (D:7)
  2 phantoms (D:4)
  2 lemures (D:4)
  2 kobold brigands
  2 bullfrogs
  6 scorpions
  5 wights (D:7)
  A centaur zombie (D:3)
  A jelly (D:4)
  A centaur skeleton (D:5)
  A bullfrog skeleton (D:6)
  2 orc priests
  Crazy Yiuf (D:5)
  A gnoll shaman (D:7)
  4 hounds
  2 iguanas
  An orc wizard (D:7)
  2 hound skeletons (D:5)
  7 gnolls (D:7)
  7 adders
  A river rat (D:3)
  A white imp (D:5)
  4 worms
  3 dart slugs
  7 orcs
  4 bats
  5 endoplasms
  A giant cockroach (D:1)
  9 goblins
  12 hobgoblins
  8 jackals
  A quokka (D:2)
  8 ball pythons
  2 frilled lizards
  17 kobolds
  2 rats
151 creatures vanquished.

Vanquished Creatures (others)
  44 plants (D:7)
44 creatures vanquished.

Grand Total: 195 creatures vanquished

Notes
Turn   | Place    | Note
-------+----------+-------------------------------------------
     0 | D:5      | lunkers the Vampire Delver began the quest for the Orb.
     0 | D:5      | Reached XP level 1. HP: 17/17 MP: 1/1
    44 | D:5      | Noticed a hound
    86 | D:5      | Noticed Prince Ribbit
   120 | D:4      | Noticed an iguana
   144 | D:4      | Noticed a hound
   166 | D:4      | Killed a hound
   167 | D:4      | Reached XP level 2. HP: 11/23 MP: 2/2
   224 | D:4      | Gained mutation: You are afflicted with vampirism and can
                  | become a bat while bloodless. [Vampire growth]
   224 | D:4      | Reached XP level 3. HP: 28/28 MP: 3/3
   239 | D:4      | Noticed a scorpion
   592 | D:4      | Noticed a scorpion
   722 | D:4      | Noticed a lemure
   722 | D:4      | Noticed a lemure
   722 | D:4      | Noticed a lemure
  1221 | D:1      | Found a faded altar of an unknown god.
  1304 | D:1      | Reached XP level 4. HP: 30/34 MP: 4/4
  1851 | D:2      | Found an iron altar of Okawaru.
  2506 | D:3      | Reached skill level 5 in Short Blades
  2506 | D:3      | Reached XP level 5. HP: 38/39 MP: 5/5
  2573 | D:3      | Found an ancient bone altar of Kikubaaqudgha.
  2900 | D:4      | Noticed an ogre
  2906 | D:4      | Noticed a phantom
  2927 | D:4      | Killed a phantom
  2928 | D:4      | Reached XP level 6. HP: 27/46 MP: 6/6
  3305 | D:4      | Noticed a golden eye
  3305 | D:4      | an ogre changed into a golden eye
  3420 | D:4      | Noticed a yak
  3423 | D:4      | Killed a yak
  3424 | D:4      | Reached XP level 7. HP: 51/51 MP: 7/7
  3446 | D:4      | Reached skill level 10 in Stealth
  3519 | D:4      | Noticed Pikel
  3593 | D:2      | Became a worshipper of Warmaster Okawaru
  4002 | D:4      | Noticed Pikel
  4002 | D:4      | Pikel changed into Pikel the hog
  4021 | D:4      | Killed Pikel the hog
  4104 | D:4      | You fall into a shaft and drop 3 floors!
  4676 | D:7      | Reached XP level 8. HP: 32/54 MP: 8/8
  4825 | D:7      | Reached * piety under Okawaru
  4990 | D:7      | Reached skill level 10 in Short Blades
  5292 | D:7      | Noticed a cyan ugly thing
  5561 | D:6      | Found a staircase to the Ecumenical Temple.
  5710 | D:6      | Reached skill level 1 in Invocations
  6342 | D:5      | Killed Prince Ribbit
  6342 | D:5      | Reached ** piety under Okawaru
  6532 | D:5      | Reached XP level 9. HP: 66/66 MP: 9/11
  6776 | D:5      | Found a hazy altar of Hepliaklqana.
  6826 | D:5      | Found a bloodstained altar of Trog.
  6839 | D:5      | Reached skill level 5 in Dodging
  7155 | D:5      | Found a runed translucent door.
  7156 | D:5      | Noticed Crazy Yiuf
  7169 | D:5      | Killed Crazy Yiuf
  7439 | D:4      | Reached skill level 5 in Fighting
  7772 | D:6      | Found a sparkling altar of Nemelex Xobeh.
  8100 | D:6      | Reached *** piety under Okawaru
  8333 | D:7      | Killed a cyan ugly thing
  8832 | D:7      | Killed from afar by a kobold brigand

Illustrated notes

Levels and vault maps discovered:
D:1:      erik_arrival_cave_to_civilisation [erik_arrival_cave_to_hall],
          layout_basic, dilly_ecumenical_altar_fadedgnrine, minmay_statues_item
D:2:      layout_loops_cross, basic_altar
D:3:      layout_rooms, nicolae_overflow_crystal_walls, gup_sewer_entry_bubbles
D:4:      layout_layer_cave, minmay_divided_ellipse, uniq_pikel
D:5:      layout_loops_ring, lemuel_tele_altar, mainiacjoe_overflow_brackets,
          uniq_crazy_yiuf_cottage, uniq_prince_ribbit1
D:6:      layout_loops_corners, mainiacjoe_overflow_alcove_1,
          minmay_temple_entry_glass
D:7:      kennysheep_housing_project, layout_gridville

Skill      XL: |  1  2  3  4  5  6  7  8  9 |
---------------+----------------------------+-----
Short Blades   | 3 4 5 7 9 10 | 10.0
Stealth        | 8 9 10 | 10.0
Fighting       | 4 6 |  6.5
Dodging        | 4 7 |  7.4
Invocations    | 2 4 |  4.0

Action                   |  1- 3 |  4- 6 |  7- 9 || total
-------------------------+-------+-------+-------++-------
Melee: Short sword       |    85 |   192 |   619 ||   896
       Bite              |     7 |    20 |    76 ||   103
       Dagger            |       |       |    12 ||    12
       Punch             |       |       |     1 ||     1
Invok: Heroism           |       |       |     2 ||     2
Evoke: Wand              |     1 |     1 |    15 ||    17
  Use: Scroll            |       |     3 |     5 ||     8
       Potion            |       |       |     2 ||     2
 Stab: Sleeping          |    12 |     9 |    10 ||    31
Armor: Leather armour    |    19 |    58 |   115 ||   192
Dodge: Dodged            |    52 |    96 |   278 ||   426

Table legend: (Time is in decaauts)
 A = Elapsed time spent in this place.
 B = Non-inter-level travel time spent in this place.
 C = Inter-level travel time spent in this place.
 D = Time resting spent in this place.
 E = Time spent auto-exploring this place.
 F = Levels seen in this place.
 G = Mean time per level.
                   A        B        C        D        E       F      G
               +--------+--------+--------+--------+--------+-----+--------+
         Total |   8609 |   8311 |    298 |    324 |   5582 |   7 | 1229.9 |
       Dungeon |   8609 |   8311 |    298 |    324 |   5582 |   7 | 1229.9 |
               +--------+--------+--------+--------+--------+-----+--------+

Top non-repeatable levels by time:
     D:4: 1987 daAuts
     D:7: 1950 daAuts
     D:6: 1192 daAuts
     D:5: 1169 daAuts
     D:3: 843 daAuts
     D:1: 763 daAuts
     D:2: 702 daAuts
